cohdb
Replays
Latest Replays
All Replays
Popular Replays
Top Player Replays
Match Explorer
How It Works
Community
CoH3 Stats
Reddit
Sign in to upload your games and track your stats! →
Sign in with Steam
Match 44465099
Unlisted
Match 44465099
Overview
Messages
Build Orders
End
Kradschützen Motorcycle Team
Panzerpioneer Squad
Panzerpioneer Squad
Panzerpioneer Squad
Construct Light Support Kompanie
2.5-tonne Medical Truck
Panzerjäger Squad
Panzerjäger Squad
Panzerjäger Squad
Construct Mechanized Kompanie
8 Rad Armored Car
Selects Panzerjäger Kommand Battlegroup
Selects Tank Busters
Selects Crew Shock Tactics
8 Rad Armored Car
Panzerjäger Squad
MG34 Team
Vehicle Survival Package
Veteran Squad Leaders
Construct Panzerarmee Kommand
Selects Anti-tank Overwatch
Anti-tank Overwatch
Selects Mine Fields
Flak 36 Anti-tank Gun Team
Panzerpioneer Squad
Emergency Repair Kits
Panzer III L Medium Tank
Rapid Advance
Flak 36 Anti-tank Gun Team
Selects Mine Fields
Selects Early Warning
Panzer III L Medium Tank
Advanced Optics
Anti-tank Overwatch
EpikSkillz
爬树的肥猪
aukim4897
Zoro
TFEi
ds
Exf
Gravey
0
0
Comments
sign in to comment!
No comments posted yet!